 Dungeon Crawl Stone Soup version 0.28.0-45-g0d030f2227 (webtiles) character file.

Game seed: 13175199321618301626

171 zeratav the Insei (level 5, -8/35 HPs)
             Began as an Octopode Transmuter on Apr 9, 2022.
             Mangled by a scorpion (9 damage)
             ... on level 4 of the Dungeon.
             The game lasted 00:04:52 (3656 turns).

zeratav the Insei (Octopode Transmuter)             Turns: 3656, Time: 00:04:53

Health: -8/35      AC:  1    Str:  9    XL:     5   Next: 51%
Magic:  8/8        EV: 14    Int: 15    God:
Gold:   136        SH:  0    Dex: 18    Spells: 7/8 levels left

rFire   . . .      SeeInvis .   j - +4 hunting sling "Patwynui" {freeze, Will+ Dex+3, sling}
rCold   . . .      Faith    .   (no shield)
rNeg    . . .      Spirit   .   (helmet restricted)
rPois   .          Reflect  .   (no amulet)
rElec   .          Harm     .   (no ring)
rCorr   .          Rampage  .   (no ring)
Will    +....                   (no ring)
Stlth   +++.......              (no ring)
HPRegen 0.11/turn               (no ring)
MPRegen 0.11/turn               (no ring)
                                (no ring)
                                (no ring)

@: brilliant, lethally poisoned (-8 -> -11), on berserk cooldown, flying,
slowed, very slow
A: almost no armour, amphibious, 8 rings, camouflage 1, gelatinous body 1,
(nimble swimmer 1), tentacles
a: no special abilities


You were on level 4 of the Dungeon.
You visited 1 branch of the dungeon, and saw 4 of its levels.

You collected 136 gold pieces.


Innate Abilities, Weirdness & Mutations

You cannot wear most types of armour.
You are amphibious.
You can wear up to eight rings at the same time.
Your skin changes colour to match your surroundings (Stealth+).
Your rubbery body absorbs attacks. (AC +1, EV +1)
((You are camouflaged when in or above water. (Stealth+)))
You have tentacles for arms and can constrict up to eight enemies at once.


   Skills:
 + Level 2.3 Fighting
 + Level 3.0 Dodging
 + Level 3.0 Stealth
 * Level 4.4 Unarmed Combat
 - Level 2.0 Spellcasting
 - Level 2.0 Transmutations


You had 7 spell levels left.
You knew the following spells:

 Your Spells              Type           Power      Damage    Failure   Level
a - Beastly Appendage     Tmut           22%        N/A       10%         1

Your spell library contained the following spells:

 Spells                   Type           Power      Damage    Failure   Level
 Wereblood                Tmut           11%        N/A       14%         2
 Spider Form              Tmut/Pois      6%         N/A       41%         3
 Ice Form                 Ice/Tmut       6%         N/A       82%         4

Inventory:

Hand Weapons
 j - the +4 hunting sling "Patwynui" (weapon) {freeze, Will+ Dex+3, sling}
   (You found it on level 3 of the Dungeon)

   Any ammunition fired from it freezes those it strikes, dealing additional
   cold damage.
   It can also slow down cold-blooded creatures.
   Dex:       It affects your dexterity (+3).
   Will:      It increases your willpower.
Missiles
 k - 18 sling bullets (quivered ammo)
 m - 3 silver javelins {throwing}
Scrolls
 a - 2 scrolls of fog {unknown}
 b - a scroll of teleportation {unknown}
 c - 2 scrolls of brand weapon {unknown}
 f - a scroll of immolation {unknown}
 g - a scroll of amnesia {unknown}
 l - 2 scrolls of vulnerability {unknown}
 n - a scroll of noise {unknown}
Potions
 d - 2 potions of brilliance
 i - a potion of lignification {unknown}
 o - a potion of mutation {unknown}

Dungeon Overview and Level Annotations

Branches:
Dungeon (4/15)
 Temple: D:4-7

Altars:
Wu Jian

...........# #..##.#
.# .......#####
#...... .. ....#.##
#...... . ...##.#
#..##.#.# .####.#
..##.#.##.## . #.#
#.##........ #
#.###### #.##.#
#.#...†..######....#
#.............@s##.#
#.######.#####..##.w(#
#. #.# #..##.#(... .
#.# #.....#.#($.. ##
#.# #..##.. . .)( #.#
#..##.#.## #. #.#
#...... . #.# #..##.#
#.# #...


You could see a scorpion.


Message History

No target in view!
No target in view!
No target in view!
No target in view!
No target in view!
k - 26 sling bullets (gained 1)
You see here an adder corpse.
You see here a +0 leather armour.
k - 27 sling bullets (gained 1)
o - a purple potion A ball python comes into view.
You shoot a sling bullet. The sling bullet hits the ball python!
The ball python seems to slow down.
The sling bullet freezes the ball python.
You kill the ball python!
No target in view!
No target in view!
No target in view!
No target in view!
No target in view!
a - 2 scrolls labelled FOOQOBROUL (gained 1)
k - 27 sling bullets (gained 1)
You see here a ball python corpse.
A scorpion comes into view.
You shoot a sling bullet.
The sling bullet hits the scorpion but does no damage.
You shoot a sling bullet.
The sling bullet closely misses the scorpion.
You shoot a sling bullet.
The sling bullet hits the scorpion but does no damage.
A dart slug comes into view.
You shoot a sling bullet. The sling bullet hits the scorpion.
The sling bullet freezes the scorpion.
You shoot a sling bullet. The sling bullet hits the scorpion.
The sling bullet freezes the scorpion.
The scorpion stings you! The scorpion closely misses you.
You shoot a sling bullet.
The sling bullet hits the scorpion but does no damage.
The scorpion barely misses you.
You shoot a sling bullet.
The sling bullet hits the scorpion but does no damage.
The scorpion barely misses you.
You shoot a sling bullet.
The sling bullet barely misses the scorpion.
The scorpion barely misses you. The scorpion stings you!
You are poisoned.
The scorpion poisons you!
HP[-17]
You take 17 damage, and now have 18/35 hp.
MASSIVE DAMAGE!! (PAUSE)
You shoot a sling bullet.
The sling bullet hits the scorpion but does no damage.
You feel very sick. The scorpion stings you.
* * * LOW HITPOINT WARNING * * *
You are lethally poisoned!
The scorpion poisons you!
HP[-7]
You take 7 damage, and now have 11/35 hp.
It was a potion of brilliance.
You feel clever all of a sudden.
* * * LOW HITPOINT WARNING * * *
You feel very sick. The scorpion completely misses you.
The scorpion barely misses you.
HP[-3]
You take 3 damage, and now have 8/35 hp.
It was a potion of berserk rage.
A red film seems to cover your vision as you go berserk!
You feel yourself moving faster!
You feel mighty!
* * * LOW HITPOINT WARNING * * *
You feel very sick. The scorpion stings you.
* * * LOW HITPOINT WARNING * * *
You now have 52 max hp (+17).
You are too berserk!
You feel a strong urge to attack something.
* * * LOW HITPOINT WARNING * * *
You feel sick.
HP[-2]
You take 2 damage, and now have 6/52 hp.
* * * LOW HITPOINT WARNING * * *
You feel sick.
You feel your anger nearly subside.
* * * LOW HITPOINT WARNING * * *
You feel sick.
HP[-1]
You take 1 damage, and now have 5/52 hp.
You are no longer berserk.
You are exhausted.
You feel yourself slow down.
* * * LOW HITPOINT WARNING * * *
You feel sick.
HP[-3]
You now have 35 max hp (-17).
It was a potion of flight.
You feel very buoyant.
You fly up into the air.
* * * LOW HITPOINT WARNING * * *
You feel sick. The scorpion stings you!
You die...

Skill      XL: |  1  2  3  4  5 |
---------------+----------------+-----
Stealth        | 1 2 3 |  3.0
Fighting       | 2 |  2.3
Unarmed Combat | 4 |  4.4
Dodging        | 3 |  3.0
Spellcasting   | |  2.0
Transmutations | |  2.0

Action                   |  1- 3 |  4- 6 || total
-------------------------+-------+-------++-------
Melee: Unarmed           |    78 |    12 ||    90
       Constrict         |    18 |     5 ||    23
       Tentacles         |    12 |     6 ||    18
       Kick              |    14 |       ||    14
       Punch             |       |     1 ||     1
 Fire: Hunting sling     |       |    47 ||    47
 Cast: Beastly Appendage |    22 |     2 ||    24
  Use: Potion            |       |     3 ||     3
 Stab: Sleeping          |     8 |       ||     8
Armor: Skin              |     2 |     1 ||     3
Dodge: Dodged            |    34 |    17 ||    51

Levels and vault maps discovered:
D:1:      dpeg_arrival_brainrot, layout_basic, ebering_ecumenical_altar_rust,
          grunt_decor_one_mirror
D:2:      layout_rooms
D:3:      layout_loops_ring, mainiacjoe_overflow_six_doors_small,
          chequers_arboretum, minmay_misc_feat_doors, uniq_terence
D:4:      layout_loops_ring, minmay_temple_entry_tees, minivault_27,
          minmay_diced_spiral, uniq_crazy_yiuf_cottage

Notes
Turn   | Place    | Note
-------+----------+-------------------------------------------
     0 | D:1      | zeratav the Octopode Transmuter began the quest for the
                  | Orb.
     0 | D:1      | Reached XP level 1. HP: 13/13 MP: 3/3
     0 | D:1      | magus.rc [v1.9.6]
   129 | D:1      | HP: 3/13 [ball python (1)]
   451 | D:1      | Found a faded altar of an unknown god.
   551 | D:1      | Reached XP level 2. HP: 13/18 MP: 5/5
   735 | D:1      | Reached skill level 1 in Stealth
  1297 | D:1      | Reached XP level 3. HP: 21/23 MP: 4/6
  2261 | D:2      | Reached skill level 2 in Stealth
  2348 | D:2      | Reached XP level 4. HP: 28/29 MP: 5/7
  2544 | D:3      | Identified the +4 hunting sling "Patwynui" {freeze, Will+
                  | Dex+3}
  3206 | D:3      | Reached skill level 2 in Fighting
  3206 | D:3      | Reached skill level 4 in Unarmed Combat
  3454 | D:3      | Found an ornate altar of the Wu Jian Council.
  3457 | D:3      | Reached XP level 5. HP: 34/34 MP: 8/8
  3487 | D:3      | Noticed Terence
  3493 | D:3      | Killed Terence
  3494 | D:3      | Reached skill level 3 in Dodging
  3494 | D:3      | Reached skill level 3 in Stealth
  3650 | D:4      | HP: 8/35 [poisoned by a scorpion]
  3655 | D:4      | HP: 2/35 [poisoned by a scorpion]
  3656 | D:4      | Mangled by a scorpion

Vanquished Creatures
  An orc priest (D:3)
  Terence (D:3)
  An orc wizard (D:3)
  3 adders
  3 worms
  A dart slug (D:1)
  7 orcs (D:3)
  3 ball pythons
  2 endoplasms (D:1)
  2 giant cockroaches
  3 hobgoblins
  2 jackals (D:1)
  2 quokkas
  4 bats
  A frilled lizard (D:2)
  5 goblins
  4 kobolds
  4 rats
49 creatures vanquished.

Table legend:
 A = Non-vault XP
 B = Vault XP
 C = Vault XP percentage of total XP
 D = Non-vault monster count
 E = Vault monster count
 F = Vault count percentage of total count
                 A         B        C        D         E       F
            +---------+---------+-------+---------+---------+-------
      Total |     204 |      41 |  16.7 |      47 |       2 |   4.1
            +---------+---------+-------+---------+---------+-------
        D:1 |      33 |       5 |  13.2 |      19 |       1 |   5.0
        D:2 |      46 |       0 |   0.0 |      12 |       0 |   0.0
        D:3 |     110 |      36 |  24.7 |      14 |       1 |   6.7
        D:4 |      15 |       0 |   0.0 |       2 |       0 |   0.0
            +---------+---------+-------+---------+---------+-------

Illustrated notes

Table legend:
 A = Kills in this place as a percentage of kills in entire the game.
 B = Kills by you in this place as a percentage of kills by you in the entire game.
 C = Kills by friends in this place as a percentage of kills by friends in the entire game.
 D = Other kills in this place as a percentage of other kills in the entire game.
 E = Experience gained in this place as a percentage of experience gained in the entire game.
 F = Experience gained in this place divided by the number of levels of this place that you have seen.
                   A       B       C       D       E      F
               +-------+-------+-------+-------+-------+----------------------
         Total | 100.0 | 100.0 |   N/A |   N/A | 100.0 |  61.2
       Dungeon | 100.0 | 100.0 |   N/A |   N/A | 100.0 |  61.2
               +-------+-------+-------+-------+-------+----------------------

Table legend: (Time is in decaauts)
 A = Elapsed time spent in this place.
 B = Non-inter-level travel time spent in this place.
 C = Inter-level travel time spent in this place.
 D = Time resting spent in this place.
 E = Time spent auto-exploring this place.
 F = Levels seen in this place.
 G = Mean time per level.
                   A        B        C        D        E       F      G
               +--------+--------+--------+--------+--------+-----+--------+
         Total |   3659 |   3431 |    228 |    403 |   2649 |   4 |  914.8 |
       Dungeon |   3659 |   3431 |    228 |    403 |   2649 |   4 |  914.8 |
               +--------+--------+--------+--------+--------+-----+--------+

Top non-repeatable levels by time:
     D:1: 1699 daAuts
     D:2: 1062 daAuts
     D:3: 815 daAuts
     D:4: 82 daAuts
